 Dungeon Crawl Stone Soup version 0.17-a0-1655-g88a8506 (webtiles) character file.

7 kae the Chiller (level 2, 13/13 HPs)
             Began as a Vine Stalker Ice Elementalist on Aug 15, 2015.
             Quit the game on level 1 of the Dungeon.
             The game lasted 00:00:36 (491 turns).

kae the Chiller (Vine Stalker Ice Elementalist)      Turns: 491, Time: 00:00:37

Health: 13/13      AC:  2    Str: 10    XL:     2   Next: 4%
Magic:  5/6        EV: 12    Int: 15    God:
Gold:   52         SH:  0    Dex: 14    Spells: 1 memorised, 4 levels left

rFire  . . .     SeeInvis .     (no weapon)
rCold  . . .     Clarity  .     a - +0 robe
rNeg   . . .     SustAt   .     (no shield)
rPois  .         Gourm    .     (no helmet)
rElec  .         Spirit   +     (no cloak)
rCorr  .         Warding  .     (no gloves)
rMut   .         Stasis   .     (no boots)
MR     .....                    (no amulet)
Stlth  ++........               (no ring)
                                (no ring)

@: not resistant to hostile enchantments, unstealthy
A: fangs 2, regeneration 1, magic shield, antimagic bite, no device heal 3, rot
immunity
a: no special abilities


You were on level 1 of the Dungeon.
You were not hungry.

You visited 1 branch of the dungeon, and saw 1 of its levels.

You collected 52 gold pieces.

Inventory:

Armour
 a - a +0 robe (worn)
Scrolls
 d - a scroll of teleportation {unknown}
 e - 2 scrolls of identify {unknown}
 k - a scroll of recharging {unknown}
Potions
 f - a potion of curing {unknown}
 g - a potion of heal wounds {unknown}
 h - a potion of agility {unknown}
 i - a potion of flight {unknown}
 j - a potion of degeneration {unknown}
Books
 b - a book of Frost

   Spells                             Type                      Level
   a - Freeze                         Ice                          1
   b - Throw Frost                    Conjuration/Ice              2
   c - Ozocubu's Armour               Charms/Ice                   3
   d - Throw Icicle                   Conjuration/Ice              4
   e - Summon Ice Beast               Ice/Summoning                4
   f - Condensation Shield            Ice                          4
Comestibles
 c - a bread ration


   Skills:
 - Level 1.5 Dodging
 - Level 2.4 Stealth
 + Level 2.2 Spellcasting
   Level 1.0 Conjurations
 * Level 3.5 Ice Magic


You had 4 spell levels left.
You knew the following spells:

 Your Spells              Type           Power        Failure   Level  Hunger
a - Freeze                Ice            ##..         6%          1    #......


Dungeon Overview and Level Annotations

Branches:
Dungeon (1/15)

Altars:


Innate Abilities, Weirdness & Mutations

You have extremely sharp teeth.
Your natural rate of healing is unusually fast.
When hurt, damage is shared between your health and your magic reserves.
Your bite disrupts and absorbs the magic of your enemies.
Potions and wands cannot restore your health.
You are immune to rotting.


Message History

A giant newt is nearby!
Casting: Freeze
Confirm with . or Enter, or press ? or * to list all spells.
Aiming: Freeze
Press: ? - help, Shift-Dir - straight line, f - giant newt
Aim: a giant newt You freeze the giant newt.
You kill the giant newt!
No target in view!
Casting: Freeze
Confirm with . or Enter, or press ? or * to list all spells.
You can't see any susceptible monsters within range! (Use Z to cast anyway.)
Casting: Freeze
Confirm with . or Enter, or press ? or * to list all spells.
You can't see any susceptible monsters within range! (Use Z to cast anyway.)
You see here a giant newt corpse.
A rat comes into view.
A rat is nearby!
A rat is nearby!
Are you sure you want to abandon this character and quit the game? (Confirm with "yes".)

#. ## #. . .. #. .. #. #. .r.
#. #. .... #. #. .....#%### #.
.........# #. #+ #@.#
########.
..#.#####..#######........
...>....†.............#### # #
##.##.....######.....# #
#.##.##.##.##..# ##....#
.........##..# #....#
####.##.##.....#######....####
..............................
####.##.#####..########..#####


You could see a rat (sleeping).

Vanquished Creatures
  2 bats (D:1)
  A hobgoblin (D:1)
  2 giant newts (D:1)
  2 kobolds (D:1)
  2 rats (D:1)
9 creatures vanquished.

Notes
Turn   | Place    | Note
--------------------------------------------------------------
     0 | D:1      | kae the Vine Stalker Ice Elementalist began the quest for the Orb.
     0 | D:1      | Reached XP level 1. HP: 9/9 MP: 4/4
   271 | D:1      | Reached XP level 2. HP: 13/13 MP: 1/6
   491 | D:1      | Quit the game

Vault maps used:
D:1:      sevenhm_arrival_forest_fort_large_1, st_stairs_7, due_unseen_surprise

Action                   || total
-------------------------++-------
Melee: Unarmed           ||     5
 Cast: Freeze            ||    11
